 Dungeon Crawl Stone Soup version 0.26.1-2-gb8aa6d0cf2 (webtiles) character file.

Game seed: 9699967793611342152

54 promet the Skirmisher (level 3, -5/33 HPs)
             Began as a Hill Orc Monk on Mar 21, 2021.
             Slain by a sky beast (6 damage)
             ... on level 3 of the Dungeon.
             The game lasted 00:10:13 (2782 turns).

promet the Skirmisher (Hill Orc Monk)               Turns: 2782, Time: 00:10:13

Health: -5/33      AC:  8    Str: 14    XL:     3   Next: 91%
Magic:  3/3        EV:  9    Int: 10    God:
Gold:   108        SH:  7    Dex: 13    Spells: 2/2 levels left

rFire    . . .     SeeInvis .     - Unarmed
rCold    . . .     Faith    .   c - +0 kite shield
rNeg     . . .     Spirit   .   k - +3 leather armour
rPois    +         Reflect  .   (no helmet)
rElec    .         Harm     .   (no cloak)
rCorr    .         Rampage  .   (no gloves)
Will     .....                  f - +1 pair of boots
Stlth    ++........             (no amulet)
HPRegen  0.11/turn              h - ring of flight
MPRegen  0.08/turn              r - ring of poison resistance

@: no status effects
A: no striking features
a: Evoke Flight


You were on level 3 of the Dungeon.
You visited 1 branch of the dungeon, and saw 3 of its levels.

You collected 108 gold pieces.

Inventory:

Hand Weapons
 p - a +2 vampiric dagger
Missiles
 b - 19 bolts
 g - 96 stones (quivered)
 j - 52 sling bullets
 o - 6 datura-tipped darts
Armour
 a - a +1 robe
 c - a +0 kite shield (worn)
 f - a +1 pair of boots (worn)
 k - a +3 leather armour (worn)
Jewellery
 e - an uncursed ring of magical power
 h - a ring of flight (left hand)
 r - a ring of poison resistance (right hand)
Wands
 i - a wand of flame (24)
Scrolls
 q - 3 scrolls of identify
 s - a scroll of teleportation
Potions
 d - 2 potions of might
 l - a potion of curing
 m - a potion of invisibility
 n - a potion of flight


   Skills:
 * Level 4.1 Fighting
 + Level 1.0 Armour
 + Level 2.8 Dodging
 + Level 1.7 Stealth
 + Level 0.4 Shields
 + Level 4.0 Unarmed Combat


You had 2 spell levels left.
You didn't know any spells.
Your spell library contained the following spells:

 Spells                   Type           Power        Failure   Level
 Animate Skeleton         Necr           0%           97%         1
 Apportation              Tloc           0%           97%         1
 Corona                   Hex            0%           97%         1
 Summon Small Mammal      Summ           0%           97%         1


Dungeon Overview and Level Annotations

Branches:
Dungeon (3/15)

Altars:
Nemelex Xobeh


Message History

Found a robe.
The sky beast flickers out of sight!
Deactivating autopickup; reactivate with Ctrl-A.
Found a stone staircase leading up.
Something hits you but does no damage.
You closely miss something. Something hits you but does no damage.
You barely miss something. Something hits you but does no damage.
You closely miss something. Something hits you. Something shocks you.
You hit something. Something hits you. Something shocks you.
You barely miss something. Something hits you. Something shocks you.
You barely miss something. Something hits you.
* * * LOW HITPOINT WARNING * * *
Something shocks you.
* * * LOW HITPOINT WARNING * * *
You closely miss something. Something hits you but does no damage.
You hit something. Something hits you but does no damage.
You miss something. Something hits you.
* * * LOW HITPOINT WARNING * * *
Something shocks you.
You die...

#..............#.##
#.########........## #.#
#####.....#### #.#
#.........## #.#
##.#.....#...#### #.#
#.##............. #.#
##.##.##.#...####
#.###########.#.#.###.##
#...<..[.{@......## #.#
###############.## #.#
### #.# #.# #.#


There were no monsters in sight!

Vanquished Creatures
  2 worms
  2 dart slugs
  3 leopard geckos
  3 giant cockroaches
  5 goblins
  5 hobgoblins
  6 kobolds
  5 bats (D:1)
  4 frilled lizards
  6 rats
41 creatures vanquished.

Notes
Turn   | Place    | Note
-------+----------+-------------------------------------------
     0 | D:1      | promet the Hill Orc Monk began the quest for the Orb.
     0 | D:1      | Reached XP level 1. HP: 19/19 MP: 1/1
   247 | D:1      | Reached XP level 2. HP: 27/27 MP: 2/2
   959 | D:1      | Reached XP level 3. HP: 32/33 MP: 3/3
  1765 | D:2      | You fall into a shaft and drop 1 floor!
  2549 | D:3      | Found a sparkling altar of Nemelex Xobeh.
  2625 | D:3      | Found a faded altar of an unknown god.
  2677 | D:3      | Reached skill level 1 in Armour
  2769 | D:3      | Noticed a sky beast
  2782 | D:3      | HP: 1/33 [something (2)]
  2782 | D:3      | Slain by a sky beast

Illustrated notes

Levels and vault maps discovered:
D:1:      tarquinn_simple_flora_water_a, layout_loops_cross, minivault_24,
          glass_columns_b
D:2:      layout_basic
D:3:      layout_loops_ring, nemelex_xobeh_ov_fountains_minmay,
          chequers_ecumenical_altar_simple

Skill      XL: |  1  2  3 |
---------------+----------+-----
Fighting       | 4 |  4.1
Unarmed Combat | 4 |  4.0
Armour         | 1 |  1.0
Dodging        | |  2.8
Stealth        | |  1.7
Shields        | |  0.4

Action                   || total
-------------------------++-------
Melee: Unarmed           ||   166
Throw: Stone             ||    19
  Use: Scroll            ||    12
       Potion            ||     4
 Stab: Sleeping          ||     3
Armor: Skin              ||     9
       Robe              ||    21
       Leather armour    ||    28
Dodge: Dodged            ||    72
Block: Kite shield       ||    41
